 Dungeon Crawl Stone Soup version 0.17.0-28-g6e173f8 (webtiles) character file.

775 Glider the Changer (level 7, -2/46 HPs)
             Began as an Octopode Transmuter on Nov 22, 2015.
             Was a Follower of Dithmenos.
             Killed from afar by an orc wizard (8 damage)
             ... with a magic dart
             ... on level 5 of the Dungeon.
             The game lasted 00:30:20 (5254 turns).

Glider the Changer (Octopode Transmuter)            Turns: 5254, Time: 00:30:20

Health: -2/46      AC:  1    Str: 10    XL:     7   Next: 84%
Magic:  19/19      EV: 13    Int: 12    God:    Dithmenos [*.....]
Gold:   157        SH:  0    Dex: 14    Spells: 4 memorised, 0 levels left

rFire  . . .     SeeInvis .     s - +7 dire flail of the Vine {crush, +Fly rN+ MP+9 Int-3}
rCold  . . .     Clarity  .     (shield currently unavailable)
rNeg   + . .     SustAt   .     (helmet restricted)
rPois  .         Gourm    .     (no amulet)
rElec  .         Spirit   .     (no ring)
rCorr  .         Warding  .     (no ring)
rMut   .         Stasis   .     (no ring)
MR     .....                    (no ring)
Stlth  ++++......               (no ring)
                                (no ring)
                                (no ring)
                                (no ring)

@: about to teleport, wreathed by umbra, not resistant to hostile enchantments,
stealthy
A: almost no armour, amphibious, 8 rings, constrict 8, camouflage 1, gelatinous
body 1
a: Renounce Religion, Evoke Flight


You were on level 5 of the Dungeon.
You worshipped Dithmenos.
Dithmenos was aware of your devotion.
You were not hungry.

You visited 2 branches of the dungeon, and saw 6 of its levels.
You also visited: Ossuary.

You collected 157 gold pieces.

Inventory:

Hand Weapons
 s - the +7 dire flail of the Vine (weapon) {crush, +Fly rN+ MP+9 Int-3}
   (You found it on level 4 of the Dungeon)

   It inflicts extra damage upon your enemies.
   It affects your intelligence (-3).
   It protects you from negative energy.
   It affects your magic capacity (+9).
   It lets you fly.
Missiles
 a - 34 arrows
Scrolls
 e - a scroll of blinking {unknown}
 g - a scroll of remove curse
 h - 2 scrolls of teleportation
 m - a scroll of fog {unknown}
 n - a scroll of enchant armour {unknown}
 o - a scroll of enchant weapon {unknown}
 p - a scroll of recharging {unknown}
Potions
 d - 2 potions of mutation
 i - a potion of flight {unknown}
 j - 3 potions of haste
 k - a potion of ambrosia {unknown}
 q - 2 potions of curing {unknown}
 r - a potion of cancellation {unknown}
 t - a potion of agility {unknown}
 u - a potion of heal wounds {unknown}
 v - a potion of beneficial mutation {unknown}
 w - 2 potions of invisibility {unknown}
Books
 b - a book of Changes

   Spells                             Type                      Level
   a - Beastly Appendage              Transmutation                1
   b - Sticks to Snakes               Transmutation                2
   c - Spider Form                    Transmutation/Poison         3
   d - Ice Form                       Ice/Transmutation            4
   e - Blade Hands                    Transmutation                5
 f - a book of the Dragon

   Spells                             Type                      Level
   a - Flame Tongue                   Conjuration/Fire             1
   b - Cause Fear                     Hexes                        4
   c - Bolt of Fire                   Conjuration/Fire             6
   d - Dragon Form                    Transmutation                7
   e - Dragon's Call                  Summoning                    9
Comestibles
 c - 5 bread rations
 l - a royal jelly
 x - a chunk of flesh


   Skills:
 - Level 3.0 Fighting
 - Level 3.0 Dodging
 - Level 3.0 Stealth
 - Level 4.0 Unarmed Combat
 - Level 2.0 Spellcasting
 * Level 6.3 Transmutations
 - Level 3.0 Poison Magic


You couldn't memorise any spells.
You knew the following spells:

 Your Spells              Type           Power        Failure   Level  Hunger
a - Beastly Appendage     Trmt           ###...       1%          1    ##.....
b - Sticks to Snakes      Trmt           ###.......   3%          2    ###....
c - Spider Form           Trmt/Pois      ##........   14%         3    ####...
d - Ice Form              Ice/Trmt       #.......     78%         4    #####..


Dungeon Overview and Level Annotations

Branches:
Dungeon (5/15)             Temple (1/1) D:4

Altars:
Ashenzari
Dithmenos
Elyvilon
Fedhas
Kikubaaqudgha
Makhleb
Nemelex Xobeh
Okawaru
Qazlal
Ru
Sif Muna
Vehumet
Xom
Zin

Annotations:
D:4 Grinder
D:5 Menkaure


Innate Abilities, Weirdness & Mutations

You cannot wear most types of armour.
You are amphibious.
You can wear up to eight rings at the same time.
You can use your tentacles to constrict eight enemies at once.
Your skin changes colour to match your surroundings (Stealth).
Your rubbery body absorbs attacks (AC +1).


Message History

The orc wizard casts a spell at you. The puff of frost hits you!
The orc wizard hits you with a dagger.
You hit the orc wizard. Your grab misses the orc wizard.
The orc wizard is heavily wounded.
The orc wizard hits you with a dagger.
* * * LOW HITPOINT WARNING * * *
The orc wizard closely misses you. The orc wizard casts a spell at you.
The magic dart hits you!
* * * LOW HITPOINT WARNING * * *
Items here: ! ) [ † a spear; a scale mail; a yellow potion; an orc corpse Read which item? (? for menu, Esc to quit)
As you read the scroll of teleportation, it crumbles to dust.
You feel strangely unstable.
The orc wizard gestures wildly while chanting.
The orc wizard blinks!
The orc wizard casts a spell at you. The magic dart hits you!
You die...

#...........,* *,* *,
#...........,* **,* **,
............,* ### *..## *,,
....<.......,* #.##*#..a#**,,
............,* #..#*.....*,,,
#........%..,* #..##....,*,,,
#...........,* ##..#.....,,,,,
#..........M.######.....#,,,,,,,,
#............oo)@...!..#**,,,...,
##...........o#####....##**.....#
#...........#* ##....# *#.....
**,,,,......* #.##.## *#....
*,,,,.....,* #.###.#####...
*,,,,.....,* ### #....###.. *
**,,,....,,* ##........ *
**,**####*** #..#(.... * *,**
##.......


You could see Menkaure, 2 orc wizards and an orc.

Vanquished Creatures
  Blork the orc (D:4)
  2 elf zombies (D:5)
  An elf skeleton (D:5)
  A wasp zombie (D:3)
  2 giant frog skeletons (D:4)
  2 centaur zombies (Ossuary)
  2 orc wizards
  An orc priest (D:4)
  A worker ant (D:4)
  A human skeleton (D:5)
  3 big kobold zombies (Ossuary)
  4 mummies (Ossuary)
  3 adders
  An ooze (D:1)
  3 giant geckos
  12 orcs
  A ball python (D:3)
  6 hobgoblins
  10 jackals
  5 kobolds
  3 quokkas
  8 bats
  4 giant cockroaches
  A giant gecko skeleton (D:4)
  4 giant newts
  10 goblins
  4 hobgoblin zombies (Ossuary)
  2 orc skeletons (D:5)
  A quokka skeleton (D:4)
  8 rats
107 creatures vanquished.

Vanquished Creatures (others)
  A rat (D:2)
1 creature vanquished.

Grand Total: 108 creatures vanquished

Notes
Turn   | Place    | Note
--------------------------------------------------------------
     0 | D:1      | Glider the Octopode Transmuter began the quest for the Orb.
     0 | D:1      | Reached XP level 1. HP: 13/13 MP: 3/3
   227 | D:1      | Reached XP level 2. HP: 18/18 MP: 5/5
   239 | D:1      | Learned a level 2 spell: Sticks to Snakes
   702 | D:1      | Reached skill level 4 in Unarmed Combat
   702 | D:1      | Reached XP level 3. HP: 23/23 MP: 4/6
   721 | D:1      | Learned a level 3 spell: Spider Form
  1272 | D:2      | Found a white marble altar of Elyvilon.
  1352 | D:2      | Reached skill level 1 in Poison Magic
  1446 | D:2      | Found a sparkling altar of Nemelex Xobeh.
  1578 | D:2      | Reached XP level 4. HP: 25/28 MP: 7/7
  2600 | D:4      | Reached XP level 5. HP: 30/33 MP: 4/8
  2641 | D:4      | Found a staircase to the Ecumenical Temple.
  2654 | Temple   | Entered the Ecumenical Temple
  3090 | D:4      | Got a brightly glowing dire flail
  3091 | D:4      | Identified the +7 dire flail of the Vine {crush, +Fly rN+ MP+9 Int-3} (You found it on level 4 of the Dungeon)
  3180 | D:4      | Found a shadowy altar of Dithmenos.
  3185 | D:4      | Became a worshipper of Dithmenos the Shadowed
  3528 | D:4      | Noticed Blork the orc
  3533 | D:4      | Killed Blork the orc
  3533 | D:4      | Reached XP level 6. HP: 30/39 MP: 9/9
  3614 | D:4      | Noticed Grinder
  3617 | D:4      | Paralysed by Grinder for 4 turns
  3664 | D:5      | Entered Level 5 of the Dungeon
  3957 | D:5      | Reached skill level 5 in Transmutations
  4095 | D:5      | Found a sand-covered staircase.
  4100 | D:5      | Reached skill level 1 in Stealth
  4100 | D:5      | Reached XP level 7. HP: 30/45 MP: 10/10
  4199 | Ossuary  | Entered an ossuary
  4700 | D:5      | Reached skill level 6 in Transmutations
  4706 | D:5      | Learned a level 4 spell: Ice Form
  4919 | D:4      | Paralysed by Grinder for 3 turns
  4926 | D:4      | Paralysed by Grinder for 6 turns
  4944 | D:4      | Paralysed by Grinder for 3 turns
  5086 | D:5      | Noticed Menkaure
  5245 | D:5      | Reached * piety under Dithmenos
  5254 | D:5      | Killed from afar by an orc wizard

Action                   |  1- 3 |  4- 6 |  7- 9 || total
-------------------------+-------+-------+-------++-------
Melee: Unarmed           |   111 |    67 |       ||   178
       Dire flail        |       |    33 |    56 ||    89
 Cast: Beastly Appendage |     5 |     3 |       ||     8
       Spider Form       |       |     4 |       ||     4
       Sticks to Snakes  |       |     2 |       ||     2
  Use: Scroll            |       |     6 |     2 ||     8
 Stab: Sleeping          |     8 |     4 |     2 ||    14
  Eat: Chunk             |     2 |     8 |     3 ||    13
       Pizza             |       |       |     1 ||     1
